 Dungeon Crawl Stone Soup version 0.30.1-3-gfc49f6343a (webtiles) character file.

Game seed: 4930229103341246227

133 Bronimir the Poker (level 5, -2/53 HPs)
             Began as an Ogre Gladiator on July 29, 2023.
             Slain by an ogre
             ... wielding a +0 giant spiked club
              (29 damage)
             ... on level 3 of the Dungeon.
             The game lasted 00:04:12 (2413 turns).

Bronimir the Poker (Ogre Gladiator)                 Turns: 2413, Time: 00:04:12

Health: -2/53      AC:  3    Str: 20    XL:     5   Next: 16%
Magic:  5/5        EV: 10    Int:  9    God:
Gold:   94         SH:  0    Dex: 10    Spells: 4/4 levels left

rFire   . . .        a - +0 trident
rCold   . . .        (no shield)
rNeg    . . .        b - +0 robe
rPois   .            c - +0 hat
rElec   .            (no cloak)
rCorr   .            (gloves unavailable)
SInv    .            (boots unavailable)
Will    .....        (no amulet)
Stlth   +            (no ring)
HPRegen 0.28/turn    (no ring)
MPRegen 0.09/turn

%: no passive effects
@: no status effects
A: large, unfitting armour, tough skin 1
a: no special abilities


You were on level 3 of the Dungeon.
You visited 1 branch of the dungeon, and saw 3 of its levels.

You collected 94 gold pieces.

Inventory:

Hand Weapons
 a - a +0 trident (weapon)
Armour
 b - a +0 robe (worn)
 c - a +0 hat (worn)
Jewellery
 g - a ring of see invisible
Scrolls
 d - a scroll of brand weapon {unknown}
 h - a scroll of fog {unknown}
 i - 5 scrolls of identify {unknown}
 j - a scroll of enchant weapon {unknown}
 k - 2 scrolls of teleportation {unknown}
 l - a scroll of fear {unknown}
Potions
 e - a potion of cancellation {unknown}
 f - a potion of lignification
 m - 2 potions of heal wounds
 n - a potion of berserk rage {unknown}
 p - 2 potions of brilliance {unknown}
 q - a potion of curing {unknown}


   Skills:
 * Level 3.5 Fighting
 * Level 4.4 Polearms
 + Level 2.5 Throwing
 * Level 3.4 Dodging
 - Level 0.4 Stealth


You had 4 spell levels left.
You didn't know any spells.
Your spell library was empty.

Dungeon Overview and Level Annotations

Branches:
Dungeon (3/15)

Altars:


Innate Abilities, Weirdness & Mutations

You are too large for most types of armour.
You have tough skin. (AC +1)


Message History

You reach to attack!
You hit the adder.
The adder is severely wounded.
You closely miss the adder.
The adder is severely wounded.
The adder barely misses you.
You barely miss the adder.
The adder is severely wounded.
The adder closely misses you. The adder bites you but does no damage.
You puncture the adder!
You kill the adder!
No target in view!
You see here an adder corpse.
m - 2 potions of heal wounds (gained 1)
An ogre comes into view. It is wielding a +0 giant spiked club.
The ogre shouts!
The ogre moves out of view.
Found a potion of attraction.
An ogre is nearby!
You throw a large rock.
The large rock completely misses the ogre.
You hit the ogre but do no damage.
An orc comes into view. It is wielding a +0 flail.
The ogre closely misses you.
You completely miss the ogre.
The orc shouts!
Your punch misses the ogre. The ogre closely misses you.
You completely miss the ogre. You puncture the ogre!
The ogre is moderately wounded.
The ogre hits you with a +0 giant spiked club!
You hit the ogre.
The ogre is heavily wounded.
The ogre hits you with a +0 giant spiked club!!
You hit the ogre but do no damage.
The ogre is heavily wounded.
You closely miss the ogre.
The ogre is heavily wounded.
The ogre hits you with a +0 giant spiked club!!
Ouch! That really hurt!
You die...

#.....##.#
#.....######
########.#
#.###.# #.#
#.....# #.#
#.##### #.#
#.# #.# #.#
# #.#
#...####.##
(....oO@..#
..######..#
...# ...##
...## ....
.#### .!


You could see an ogre and an orc.

Vanquished Creatures
  A hound (D:2)
  Robin (D:2)
  4 adders
  2 worms (D:2)
  A dart slug (D:1)
  3 endoplasms
  A giant cockroach (D:2)
  12 goblins
  4 hobgoblins
  A quokka (D:2)
  5 ball pythons
  3 bats
  7 frilled lizards
  5 kobolds
  4 rats
54 creatures vanquished.

Notes
Turn   | Place    | Note
-------+----------+-------------------------------------------
     0 | D:1      | Bronimir the Ogre Gladiator began the quest for the Orb.
     0 | D:1      | Reached XP level 1. HP: 22/22 MP: 1/1
   283 | D:1      | Reached XP level 2. HP: 26/29 MP: 2/2
   804 | D:2      | Reached XP level 3. HP: 34/37 MP: 3/3
   860 | D:2      | Reached XP level 4. HP: 45/45 MP: 4/4
  1430 | D:2      | Noticed Robin
  1433 | D:2      | Reached skill level 4 in Polearms
  1443 | D:2      | Killed Robin
  1833 | D:2      | Reached XP level 5. HP: 11/53 MP: 5/5
  2403 | D:3      | Noticed an ogre
  2413 | D:3      | Slain by an ogre

Illustrated notes

Levels and vault maps discovered:
D:1:      lightli_arrival_flooded_house, layout_loops_ring
D:2:      layout_basic, nicolae_eternal_life, chequers_serial_rivers_micro_b,
          kennysheep_another_room, st_stairs_2, uniq_robin
D:3:      layout_basic, dilly_guarded_unrand_throatcut

Skill      XL: |  1  2  3  4 |
---------------+-------------+-----
Fighting       | 3 |  3.5
Dodging        | 3 |  3.4
Polearms       | 4 |  4.4
Throwing       | |  2.5
Stealth        | |  0.4

Action                     |  1- 3 |  4- 6 || total
---------------------------+-------+-------++-------
  Melee: Trident           |    64 |   109 ||   173
         Punch             |       |     1 ||     1
  Throw: Throwing net      |    11 |       ||    11
         Large rock        |     6 |    11 ||    17
         Dart              |     2 |       ||     2
    Use: Potion            |       |     3 ||     3
   Stab: Held in net/web   |     3 |       ||     3
 Armour: Robe              |    16 |    28 ||    44
         Skin              |       |     1 ||     1
  Dodge: Dodged            |    23 |    60 ||    83
